[Event "GER-ch Rapid Women 2017"]
[Site "Erfurt"]
[Date "2017.07.30"]
[Round "8"]
[White "Perez Celis, Alba"]
[Black "Yueksel, Anja"]
[Result "1-0"]
[ECO "C42"]
[WhiteElo "1790"]
[BlackElo "1472"]
[Annotator "NA"]
[PlyCount "53"]
[EventDate "2017.??.??"]
[EventType "swiss"]
[EventCountry "GER"]
[SourceTitle "playchess.com"]
[Source "ChessBase"]
[SourceQuality "1"]
[TimeControl "1200"]

1. e4 e5 2. Nf3 Nf6 3. Nxe5 d6 4. Nf3 Nxe4 5. Nc3 Nc5 6. d4 Qe7+ 7. Be2 Ne4 8. O-O Bf5 9. Re1 Nxc3 10. bxc3 d5 11. Bb5+ c6 12. Rxe7+ Bxe7 13. Bd3 Bg4 14. Qe2 h6 15. Ba3 Be6 16. Bxe7 Kxe7 17. Rb1 b6 18. c4 Nd7 19. c5 Rhe8 20. Ne5 Kf8 21. Nxc6 Bf5 22. Qf3 Be4 23. Bxe4 dxe4 24. Qf4 Re6 25. d5 Re5 26. Nxe5 Nxc5 27. Qxf7# 1-0

[Event "GER-ch Rapid Women 2017"]
[Site "Erfurt"]
[Date "2017.07.30"]
[Round "8"]
[White "Ganser, Ganokorn"]
[Black "Bachmann, Sylvia"]
[Result "1-0"]
[ECO "D53"]
[WhiteElo "1698"]
[BlackElo "1677"]
[Annotator "NA"]
[PlyCount "139"]
[EventDate "2017.??.??"]
[EventType "swiss"]
[EventCountry "GER"]
[SourceTitle "playchess.com"]
[Source "ChessBase"]
[SourceQuality "1"]
[TimeControl "1200"]

1. d4 d5 2. c4 e6 3. Nc3 Nf6 4. Bg5 Be7 5. e3 c6 6. Nf3 O-O 7. a3 Nbd7 8. Qc2 Re8 9. Rd1 dxc4 10. Bxc4 Nd5 11. Bxe7 Qxe7 12. O-O N5f6 13. Ba2 e5 14. dxe5 Nxe5 15. Nxe5 Qxe5 16. Bb1 Bg4 17. Rde1 Bh5 18. Qb3 Rab8 19. h3 b6 20. Rc1 b5 21. Rfe1 a5 22. Ne2 a4 23. Qc3 Rbc8 24. Qxe5 Rxe5 25. Nf4 Bg6 26. Nxg6 hxg6 27. Red1 Nd5 28. Ba2 Nb6 29. Rd6 Kf8 30. Rdxc6 Rxc6 31. Rxc6 Nd7 32. Rc7 Re7 33. Rb7 Nc5 34. Rxb5 Nd3 35. Kf1 Rc7 36. Ke2 Nc1+ 37. Kf3 Nxa2 38. b4 axb3 39. Rxb3 Nc3 40. Rb2 Ke7 41. Rc2 Kd7 42. Rd2+ Ke6 43. Rc2 Kd6 44. Rd2+ Ke6 45. Rc2 f5 46. Rb2 Kd6 47. Rb6+ Rc6 48. Rb2 Na4 49. Rb4 Nc5 50. Ke2 Ra6 51. Rd4+ Ke5 52. Rc4 Kd5 53. Rc3 g5 54. f3 Rb6 55. Rc2 Rb3 56. Rd2+ Kc6 57. Ra2 Na4 58. Rc2+ Kb5 59. Rd2 Nc3+ 60. Kf2 Kc4 61. Rd7 Rb5 62. Rd2 Rd5 63. Rb2 Nd1+ 64. Ke1 Nxb2 65. Ke2 Kc3 66. Ke1 Rd2 67. Kf1 Nd3 68. Kg1 Rd1+ 69. Kh2 f4 70. h4 1-0

[Event "GER-ch Rapid Women 2017"]
[Site "Erfurt"]
[Date "2017.07.30"]
[Round "9"]
[White "Fuchs, Judith"]
[Black "Daemering, Katrin"]
[Result "1/2-1/2"]
[ECO "A01"]
[WhiteElo "2285"]
[BlackElo "2033"]
[Annotator "NA"]
[PlyCount "124"]
[EventDate "2017.??.??"]
[EventType "swiss"]
[EventCountry "GER"]
[SourceTitle "playchess.com"]
[Source "ChessBase"]
[SourceQuality "1"]
[TimeControl "1200"]

1. b3 Nf6 2. Bb2 g6 3. Bxf6 exf6 4. c4 Bg7 5. Nc3 O-O 6. g3 f5 7. Rc1 d6 8. Bg2 Nc6 9. e3 Re8 10. Nge2 a6 11. O-O Bd7 12. d4 Rb8 13. a3 Ne7 14. b4 c6 15. Qd2 g5 16. Rfd1 Ng6 17. d5 Bf8 18. Nd4 Ne5 19. Qa2 Qf6 20. Nce2 Rbd8 21. Qa1 Qh6 22. Qb1 Qg6 23. Bh3 c5 24. bxc5 dxc5 25. Bxf5 Qh5 26. g4 Nxg4 27. Nf3 Nxe3 28. fxe3 Qxf3 29. Ng3 Qxe3+ 30. Kg2 Bxf5 31. Qxf5 Re5 32. Qc2 Rde8 33. Rd3 Qf4 34. Rf3 Qg4 35. Rf2 h6 36. Rcf1 R8e7 37. h3 Qd7 38. Nh5 Bg7 39. Rf6 Re2+ 40. Qxe2 Rxe2+ 41. Kg3 Re3+ 42. R6f3 Rxf3+ 43. Rxf3 Qd6+ 44. Kg2 Qe5 45. Ng3 Qb2+ 46. Rf2 Qxa3 47. Nf5 Qc3 48. d6 Qxc4 49. d7 Qd5+ 50. Rf3 Qxd7 51. Kg3 c4 52. Ne3 b5 53. Nf5 Be5+ 54. Kg2 Qd2+ 55. Rf2 Qd5+ 56. Kf1 Qd3+ 57. Kg2 c3 58. Ne7+ Kf8 59. Nf5 Qg3+ {[%emt 0:00:02] Nxh6 [%clk 0:00:23] Qxh3+ [%clk 0:00:20]} 60. Kf1 {[%emt 0:00:01] Qxh6 [%clk 0:00:19] Ke2 [%clk 0:00:22]} b4 {[%emt 0:00:04] Kd3 [%clk 0:00:21] Qd6+ [%clk 0:00:17]} 61. Re2 b3 {[%emt 0:00:03] Kc2 [%clk 0:00:19] Qd5+ Kxb3 Qd3 [%clk 0:00:13]} 62. Rc2 {[%emt 0:00:02] Qxc2+ Kxc2 [%clk 0:00:17]} a5 {[%emt 0:00:04] Kb3 [%clk 0:00:17] Ke7 Kc2 a4 [%clk 0:00:09] Kb1 [%clk 0:00:16] Kd6 Kc2 Kc5 Kb1 Kc4 Kc2 Kb4 [%clk 0:00:06] Kb1 [%clk 0:00:14] a3 [%clk 0:00:06] Kc2 [%clk 0:00:14] a2 [%clk 0:00:05] Kd3 [%clk 0:00:14] a1=Q [%clk 0:00:03] Ke4 [%clk 0:00:13] Qe1+ [%clk 0:00:02] Kf5 [%clk 0:00:13] Qf2+ [%clk 0:00:01] Kxe5 [%clk 0:00:11] Qf4+ Ke4} 1/2-1/2

[Event "GER-ch Rapid Women 2017"]
[Site "Erfurt"]
[Date "2017.07.30"]
[Round "9"]
[White "Mader, Manuela"]
[Black "Zschischang, Marine"]
[Result "1/2-1/2"]
[ECO "C10"]
[WhiteElo "2203"]
[BlackElo "2057"]
[Annotator "NA"]
[PlyCount "111"]
[EventDate "2017.??.??"]
[EventType "swiss"]
[EventCountry "GER"]
[SourceTitle "playchess.com"]
[Source "ChessBase"]
[SourceQuality "1"]
[TimeControl "1200"]

1. e4 e6 2. d4 d5 3. Nd2 dxe4 4. Nxe4 Nd7 5. Nf3 Ngf6 6. Ng3 c5 7. Be2 cxd4 8. Nxd4 Bc5 9. O-O O-O 10. c3 a6 11. Qc2 Qc7 12. Nb3 Ba7 13. Ne4 b5 14. Bg5 Bb7 15. Nxf6+ Nxf6 16. Bxf6 gxf6 17. Nd2 Rfd8 18. Ne4 Qf4 19. Ng3 Rd2 20. Qb3 Bd5 21. Qa3 Qc7 22. Rad1 Bc5 23. b4 Rxa2 24. Qc1 Bf8 25. Bd3 Bg7 26. Bb1 Ra4 27. Qc2 f5 28. Nxf5 exf5 29. Rxd5 Qxc3 30. Qxf5 Rxb4 31. Rd7 Qb3 32. Qxh7+ Kf8 33. Be4 Qe6 34. Bf5 Qh6 35. Rfd1 Qxh7 36. Bxh7 a5 37. g3 a4 38. Be4 Re8 39. Bd5 Re7 40. Rd8+ Re8 41. Rd6 Be5 42. Ra6 Re7 43. h4 Rd4 44. Rxd4 Bxd4 45. Kf1 Rd7 46. Bc6 Rc7 47. Bxb5 Rc1+ 48. Kg2 Rc2 49. Rxa4 Rxf2+ 50. Kh3 Rf3 51. Rxd4 Rb3 52. Bc4 Rb4 53. Rf4 Ke8 54. Bxf7+ Ke7 55. Rxb4 Kxf7 56. Kg4 1/2-1/2

[Event "GER-ch Rapid Women 2017"]
[Site "Erfurt"]
[Date "2017.07.30"]
[Round "9"]
[White "Ries, Jutta"]
[Black "Birkholz, Olga"]
[Result "1/2-1/2"]
[ECO "A03"]
[WhiteElo "2051"]
[BlackElo "2076"]
[Annotator "NA"]
[PlyCount "64"]
[EventDate "2017.??.??"]
[EventType "swiss"]
[EventCountry "GER"]
[SourceTitle "playchess.com"]
[Source "ChessBase"]
[SourceQuality "1"]
[TimeControl "1200"]

1. f4 d5 2. Nf3 g6 3. e3 Bg7 4. Nc3 Nf6 5. b3 c5 6. Bb2 O-O 7. Bd3 Nc6 8. O-O Nb4 9. Ne5 Nxd3 10. Nxd3 Bf5 11. Nxc5 d4 12. Ne2 dxe3 13. dxe3 Qc7 14. Nd3 Nd5 15. Bxg7 Kxg7 16. Qd2 Rad8 17. Nd4 e6 18. Nxf5+ exf5 19. c4 Ne7 20. Qc3+ f6 21. Rad1 Nc6 22. Nb4 Nxb4 23. Qxb4 Rfe8 24. Qc3 Qc5 25. Rxd8 Rxd8 26. Re1 b6 27. Kf2 Qa3 28. Re2 Qd6 29. b4 Qd1 30. Qc2 Qh1 31. Rd2 Rxd2+ 32. Qxd2 Qxh2 1/2-1/2

[Event "GER-ch Rapid Women 2017"]
[Site "Erfurt"]
[Date "2017.07.30"]
[Round "9"]
[White "Rath, Alina"]
[Black "Rogozenco, Teodora"]
[Result "1-0"]
[ECO "A16"]
[WhiteElo "2035"]
[BlackElo "2169"]
[Annotator "NA"]
[PlyCount "57"]
[EventDate "2017.??.??"]
[EventType "swiss"]
[EventCountry "GER"]
[SourceTitle "playchess.com"]
[Source "ChessBase"]
[SourceQuality "1"]
[TimeControl "1200"]

1. c4 Nf6 2. Nc3 g6 3. g3 Bg7 4. Bg2 O-O 5. e4 d6 6. Nge2 Nfd7 7. O-O c5 8. d3 Nc6 9. Be3 Nd4 10. h3 Qa5 11. Bd2 Qd8 12. Be3 Qa5 13. Bd2 Qd8 14. Be3 e6 15. a3 Nxe2+ 16. Qxe2 Bxc3 17. bxc3 e5 18. Bh6 Re8 19. Qe3 Nf8 20. f4 f6 21. f5 g5 22. h4 gxh4 23. gxh4 Kh8 24. Bf3 Bd7 25. Kh2 Re7 26. Rg1 Be8 27. Rg2 Bc6 28. Rag1 Nd7 29. Bg7+ 1-0

[Event "GER-ch Rapid Women 2017"]
[Site "Erfurt"]
[Date "2017.07.30"]
[Round "9"]
[White "Zahn, Alina"]
[Black "Ganser, Ganokorn"]
[Result "1-0"]
[ECO "B54"]
[WhiteElo "2025"]
[BlackElo "1698"]
[Annotator "NA"]
[PlyCount "67"]
[EventDate "2017.??.??"]
[EventType "swiss"]
[EventCountry "GER"]
[SourceTitle "playchess.com"]
[Source "ChessBase"]
[SourceQuality "1"]
[TimeControl "1200"]

1. e4 c5 2. Nf3 d6 3. d4 cxd4 4. Nxd4 Nf6 5. f3 a6 6. c4 g6 7. Be3 Bg7 8. Be2 Nc6 9. Qd2 Nxd4 10. Bxd4 Be6 11. Nc3 Rc8 12. b3 Qa5 13. a3 O-O 14. O-O Nd7 15. Bxg7 Kxg7 16. f4 Nf6 17. Kh1 Rfd8 18. Rfe1 Qb6 19. Rf1 Bd7 20. Qb2 Kg8 21. Rae1 Bc6 22. Nd5 Bxd5 23. exd5 Re8 24. Bd3 Ng4 25. Rf3 Qc7 26. h3 Nf6 27. Rfe3 Nh5 28. f5 Qd7 29. fxg6 hxg6 30. Be2 Nf6 31. Bf3 Rc7 32. Qd4 b5 33. Be2 bxc4 34. Bxc4 1-0

[Event "GER-ch Rapid Women 2017"]
[Site "Erfurt"]
[Date "2017.07.30"]
[Round "9"]
[White "Kinzel, Tiffany"]
[Black "Mader, Lena"]
[Result "0-1"]
[ECO "A45"]
[WhiteElo "1755"]
[BlackElo "1880"]
[Annotator "NA"]
[PlyCount "78"]
[EventDate "2017.??.??"]
[EventType "swiss"]
[EventCountry "GER"]
[SourceTitle "playchess.com"]
[Source "ChessBase"]
[SourceQuality "1"]
[TimeControl "1200"]

1. d4 Nf6 2. e3 e6 3. Bd3 c5 4. c3 d5 5. f4 Be7 6. Nf3 Nc6 7. O-O O-O 8. Nbd2 Bd7 9. Ne5 Rc8 10. Qe1 Re8 11. Rf3 cxd4 12. exd4 Bf8 13. Rh3 g6 14. Ndf3 Ne7 15. Ng5 Nf5 16. Ngxf7 Qe7 17. Ng5 Bg7 18. g4 Nd6 19. Qh4 Nde4 20. Nxh7 Nh5 21. Qxe7 Rxe7 22. gxh5 Bxe5 23. fxe5 Rxh7 24. h6 Rf8 25. Be3 Rhf7 26. Rf1 Rxf1+ 27. Bxf1 Kh7 28. Bd3 a6 29. Rh4 Rf3 30. Rf4 Rxe3 31. Bxe4 Be8 32. Bg2 Kxh6 33. Rf6 Re2 34. Rxe6 Bc6 35. Re7 Rxb2 36. Rf7 Rxa2 37. e6 Rc2 38. e7 Rxc3 39. Rf8 Re3 0-1

[Event "GER-ch Rapid Women 2017"]
[Site "Erfurt"]
[Date "2017.07.30"]
[Round "9"]
[White "Bachmann, Sylvia"]
[Black "Perez Celis, Alba"]
[Result "0-1"]
[ECO "B01"]
[WhiteElo "1677"]
[BlackElo "1790"]
[Annotator "NA"]
[PlyCount "86"]
[EventDate "2017.??.??"]
[EventType "swiss"]
[EventCountry "GER"]
[SourceTitle "playchess.com"]
[Source "ChessBase"]
[SourceQuality "1"]
[TimeControl "1200"]

1. e4 d5 2. exd5 Qxd5 3. Nc3 Qa5 4. d4 Bf5 5. Bd2 c6 6. Nf3 e6 7. Be2 Nf6 8. O-O Nbd7 9. Re1 Be7 10. Bc4 O-O 11. Nh4 Bg4 12. f3 Bh5 13. g3 Qb6 14. Be3 Nd5 15. Na4 Qd8 16. Bxd5 exd5 17. Ng2 f5 18. Nf4 Bf7 19. Qd3 Bd6 20. Nc5 Bxc5 21. dxc5 Ne5 22. Qf1 d4 23. Bf2 Nxf3+ 24. Kg2 Nxe1+ 25. Rxe1 Bd5+ 26. Kg1 Qf6 27. Qd3 Rae8 28. Rd1 Re4 29. c3 dxc3 30. bxc3 Qe7 31. Nxd5 cxd5 32. Qxd5+ Kh8 33. Qd6 Qf7 34. Bd4 f4 35. Rf1 f3 36. Bf2 Rfe8 37. Qd2 Re2 38. Qd4 Rxa2 39. Qg4 Rae2 40. Rd1 Rc2 41. Bd4 f2+ 42. Kf1 Qc4+ 43. Kg2 f1=Q# 0-1

[Event "GER-ch Rapid Women 2017"]
[Site "Erfurt"]
[Date "2017.07.30"]
[Round "9"]
[White "Yueksel, Anja"]
[Black "Zimmer, Elke"]
[Result "1/2-1/2"]
[ECO "C54"]
[WhiteElo "1472"]
[BlackElo "1950"]
[Annotator "NA"]
[PlyCount "130"]
[EventDate "2017.??.??"]
[EventType "swiss"]
[EventCountry "GER"]
[SourceTitle "playchess.com"]
[Source "ChessBase"]
[SourceQuality "1"]
[TimeControl "1200"]

1. e4 e5 2. Nf3 Nc6 3. Bc4 Bc5 4. c3 Nf6 5. d4 exd4 6. cxd4 Bb4+ 7. Nc3 O-O 8. Bg5 d6 9. O-O h6 10. Bh4 g5 11. Bg3 Bxc3 12. bxc3 Nxe4 13. Qb3 Na5 14. Qb4 Nxc4 15. Qxc4 Be6 16. Qd3 f5 17. h3 Qf6 18. Rfc1 h5 19. c4 Nxg3 20. fxg3 g4 21. d5 gxf3 22. dxe6 Rae8 23. Qxf3 Rxe6 24. Qxh5 Qd4+ 25. Kh2 Rf7 26. Qg5+ Qg7 27. Qxg7+ Kxg7 28. Rf1 Re4 29. Rf4 b6 30. Raf1 a5 31. a4 Re5 32. g4 Kg6 33. gxf5+ Rexf5 34. Rg4+ Kh6 35. Rxf5 Rxf5 36. Re4 Rc5 37. g4 d5 38. Re6+ Kg5 39. Re5+ Kf4 40. Rxd5 Rxc4 41. Rf5+ Ke4 42. h4 Rxa4 43. h5 Ra2+ 44. Kh3 Ra1 45. Kh4 a4 46. h6 a3 47. Kg5 Rd1 48. h7 Rh1 49. Rf4+ Ke5 50. Ra4 Rxh7 51. Rxa3 Rg7+ 52. Kh4 b5 53. Ra5 c6 54. g5 Kf4 55. Kh5 Rxg5+ 56. Kh6 Rd5 57. Ra1 Ke5 58. Re1+ Kd6 59. Kg6 c5 60. Kf6 c4 61. Re6+ Kc5 62. Re8 Rd3 63. Rc8+ Kb4 64. Ke5 c3 65. Ke4 Rd2 1/2-1/2